 Dungeon Crawl Stone Soup version 0.22.0-6-g71bd7aa6b3 (webtiles) character file.

6832 PentaManta the Protected (level 11, -4/80 HPs)
             Began as a Gargoyle Chaos Knight on Aug 15, 2018.
             Splashed by an acid dragon's acid (6 damage)
             ... on level 11 of the Dungeon.
             The game lasted 01:13:38 (10109 turns).

PentaManta the Protected (Gargoyle Chaos Knight)   Turns: 10109, Time: 01:13:40

Health: -4/80      AC: 23    Str: 19    XL:     11   Next: 5%
Magic:  11/11      EV:  6    Int: 17    God:    Xom [.*....]
Gold:   221        SH:  0    Dex:  9    Spells: 10/10 levels left

rFire    + + .     SeeInvis .   E - +0 morningstar
rCold    + + .     Gourm    +   (no shield)
rNeg     + . .     Faith    .   z - +3 plate armour
rPois    ∞         Spirit   .   (helmet restricted)
rElec    +         Reflect  .   m - scarf {rC+ rF+}
rCorr    +         Harm     .   (no gloves)
MR       +....     Clarity  +   (no boots)
Stlth    ..........             D - amulet of the gourmand
HPRegen  0.23/turn              x - ring of protection from magic
MPRegen  0.12/turn              d - ring of wizardry

@: resistant, corroded, flying
A: big wings, horns 1, iridescent scales 1, clarity, clever 2, negative energy
resistance 1, robust 1, electricity resistance, unbreathing, petrification
resistance, rot immunity, AC +8
a: Stop Flying, Renounce Religion


You were on level 11 of the Dungeon.
You worshipped Xom.
You were a plaything of Xom.
You were near starving.

You visited 2 branches of the dungeon, and saw 12 of its levels.

You collected 749 gold pieces.
You spent 528 gold pieces at shops.

Inventory:

Hand Weapons
 E - a +0 morningstar (weapon)
Missiles
 p - 349 stones (quivered)
Armour
 k - a +0 shield
 m - a scarf of resistance (worn)
 r - a +0 helmet
 z - a +3 plate armour (worn)
Jewellery
 b - an uncursed ring of magical power
 d - a ring of wizardry (right hand)
 i - an uncursed ring of fire
 x - a ring of protection from magic (left hand)
 D - an amulet of the gourmand (around neck)
Wands
 f - a wand of random effects (80)
 o - a wand of acid (13)
 v - a wand of scattershot (7)
Scrolls
 h - 9 scrolls of remove curse
 j - 2 scrolls of fog
 n - 3 scrolls of teleportation
 q - 2 scrolls of amnesia
 s - 4 scrolls of magic mapping
 u - 2 scrolls of identify
 y - a scroll of fear
Potions
 a - a potion of ambrosia
 g - a potion of curing
 w - a potion of magic
 B - a potion of invisibility
Comestibles
 c - 11 rations


   Skills:
 - Level 10.5 Fighting
 * Level 9.5 Maces & Flails
 - Level 10.7 Armour
 - Level 0.7 Dodging
 + Level 4.5 Shields


You had 10 spell levels left.
You didn't know any spells.
Your spell library contained the following spells:

 Spells                   Type           Power        Failure   Level  Hunger
 Magic Dart               Conj           #...         83%         1    ##.....
 Iskenderun's Mystic Bla  Conj           #.......     100%        4    #####..
 Summon Ice Beast         Ice/Summ       #.......     100%        4    #####..
 Spider Form              Tmut/Pois      #.........   99%         3    ####...
 Ignite Poison            Fire/Tmut/Pois #.......     99%         3    ####...
 Fulminant Prism          Conj/Hex       #.........   100%        4    #####..
 Dazzling Spray           Conj/Hex       #.....       99%         3    ####...
 Force Lance              Conj/Tloc      #.......     100%        4    #####..
 Searing Ray              Conj           #.....       92%         2    ###....
 Summon Lightning Spire   Summ/Air       #.......     100%        4    #####..
 Dragon's Call            Summ           #.........   100%        9    #######


Dungeon Overview and Level Annotations

Branches:
Dungeon (11/15)            Temple (1/1) D:6            Lair (0/6) D:8
    Orc (0/2) D:11

Altars:
Ashenzari
Cheibriados
Dithmenos
Elyvilon
Fedhas
Gozag
Hepliaklqana
Kikubaaqudgha
Makhleb
Nemelex Xobeh
Okawaru
Qazlal
Ru
Sif Muna
Trog
Uskayaw
Vehumet
Wu Jian
Xom
Yredelemnul
Zin
The Shining One

Shops:
D:11 *%

Annotations:
Abyss:1 Pikel


Innate Abilities, Weirdness & Mutations

You are resistant to torment.
Your stone body is resilient. (AC +8)
You are immune to poison.
You resist negative energy. (rN+)
You are resistant to electric shocks. (rElec)
You can survive without breathing.
You are immune to petrification.
You are immune to rotting.
Your large and strong wings let you fly indefinitely.
You have a pair of small horns on your head.
You are partially covered in iridescent scales. (AC +2)
You possess an exceptional clarity of mind.
Your mind is very acute. (Int +4)
You are robust. (+10% HP)


Message History

The centaur shoots an arrow.
The arrow hits you but does no damage.
A centaur comes into view.
A scorpion comes into view.
The centaur shoots an arrow.
The arrow hits you but does no damage.
The centaur shoots an arrow.
The arrow barely misses you.
You see here 4 arrows.
The centaur wields a shortbow.
The centaur shoots an arrow.
The arrow hits you but does no damage.
You see here an arrow.
The centaur shoots an arrow.
The arrow hits you but does no damage.
You see here an arrow.
The centaur shoots an arrow.
The arrow hits you but does no damage.
You see here an arrow.
The acid dragon roars!
The centaur shoots an arrow.
The arrow barely misses you. The acid dragon spits acid at you.
The splash of acid hits you! You resist.
* * * LOW HITPOINT WARNING * * *
The acid corrodes you!
You are splashed with acid!
The acid burns!
You resist.
You die...
Xom snickers!

#........#.........
#..D.....#.........
#........)(........
#..####..#.).......
#..####..#.........
#........#####c####
#...........c....
#(..........c.....
#.@...............
#..####.cc.......
#..# #..........
#..####(.........
#..(.((.cs.......
#................
#........#####'
#...##...# ∆
#...##...'.


You could see an acid dragon and 2 centaurs.

Vanquished Creatures
  A cyclops (D:11)
  A manticore (D:11)
  An efreet (D:8)
  A troll (D:10)
  A hornet (D:10)
  Prince Ribbit (D:8)
  A shadow (D:11)
  2 wyverns
  A hungry ghost (D:10)
  A hell hound (D:8)
  3 ice beasts
  2 sky beasts (D:7)
  3 slaves (D:4)
  A black bear (D:11)
  5 ogres
  2 orc warriors
  2 phantoms
  3 centaurs
  A crocodile (D:11)
  2 big kobolds
  2 bullfrogs
  4 scorpions
  2 howler monkeys
  4 wights (D:10)
  2 electric eels (D:10)
  3 crimson imps
  2 bullfrog zombies (D:10)
  A quasit (D:5)
  A centaur zombie (D:6)
  7 hounds
  2 jellies
  3 orc priests
  A bullfrog skeleton (D:4)
  2 centaur skeletons
  3 iguanas
  6 orc wizards
  8 worker ants
  A hound skeleton (D:5)
  A worker ant zombie (D:5)
  Robin (D:2)
  15 adders
  A howler monkey skeleton (D:9)
  3 shadow imps
  4 worms
  5 adder skeletons
  2 adder zombies
  4 dart slugs
  9 leopard geckos
  37 orcs
  3 ball pythons
  4 giant cockroaches
  11 hobgoblins
  3 jackals (D:1)
  13 kobolds
  5 quokkas
  9 bats
  2 frilled lizards (D:4)
  10 goblins
  A leopard gecko skeleton (D:7)
  A leopard gecko zombie (D:7)
  A quokka zombie (D:9)
  7 rats
241 creatures vanquished.

Vanquished Creatures (collateral kills)
  A gargoyle (D:11)
  An orc warrior (D:11)
  A crimson imp (D:7)
  6 orcs (D:11)
  A kobold (D:7)
10 creatures vanquished.

Vanquished Creatures (others)
  A crimson imp (D:5)
  An orc wizard (D:11)
  An orc (D:11)
  3 plants (D:10)
6 creatures vanquished.

Grand Total: 257 creatures vanquished

Notes
Turn   | Place    | Note
-------+----------+-------------------------------------------
     0 | D:1      | PentaManta the Gargoyle Chaos Knight began the quest for the Orb.
     0 | D:1      | Reached XP level 1. HP: 14/14 MP: 1/1
    65 | D:1      | Reached XP level 2. HP: 19/19 MP: 2/2
   101 | D:1      | XOM: divination: detect items
   310 | D:1      | Reached XP level 3. HP: 24/24 MP: 3/3
   602 | D:2      | XOM: silly message
   616 | D:2      | Noticed Robin
   645 | D:2      | Killed Robin
   645 | D:2      | Reached XP level 4. HP: 18/29 MP: 4/4
   849 | D:2      | XOM: harmless Necr miscast
  1153 | D:2      | XOM: harmless Ice miscast
  1247 | D:3      | XOM: give mutations
  1247 | D:3      | Gained mutation: You are robust. (+10% HP) [Xom's grace]
  1247 | D:3      | Gained mutation: You are partially covered in iridescent scales. (AC +2) [Xom's grace]
  1247 | D:3      | Gained mutation: You expend magic power (3 MP) to strengthen your wands. [Xom's grace]
  1247 | D:3      | Gained mutation: Your large and strong wings let you fly indefinitely. [Xom's grace]
  1347 | D:3      | Found a glowing golden altar of the Shining One.
  1562 | D:3      | Noticed an ogre
  1562 | D:3      | XOM: confuse monster(s)
  1567 | D:3      | XOM: enchant monster (good)
  1568 | D:3      | XOM: enchant monster (good)
  1575 | D:3      | Killed an ogre
  1575 | D:3      | Reached skill level 5 in Armour
  1575 | D:3      | Reached XP level 5. HP: 36/36 MP: 5/5
  1847 | D:4      | Reached XP level 6. HP: 41/41 MP: 6/6
  2150 | D:4      | Noticed a slave
  2151 | D:4      | Noticed a slave
  2167 | D:4      | XOM: fog
  2173 | D:4      | Killed a slave
  2183 | D:4      | Noticed a slave
  2183 | D:4      | XOM: potion effect (haste)
  2184 | D:4      | Noticed Pikel
  2193 | D:4      | XOM: summons friendly crimson imp
  2194 | D:4      | Noticed a slave
  2201 | D:4      | Killed a slave
  2208 | D:4      | XOM: scenery: create altars
  2312 | D:4      | XOM: 1-stop teleportation journey
  2314 | D:4      | XOM: cast spell 'Summon Small Mammal'
  2318 | D:4      | XOM: enchant monster (good)
  2319 | D:4      | Killed a slave
  2322 | D:4      | HP: 1/41 [Pikel/whip of flaming (3)]
  2323 | D:4      | Banished Pikel
  2323 | D:4      | Reached skill level 5 in Maces & Flails
  2323 | D:4      | Reached XP level 7. HP: 2/47 MP: 7/7
  2494 | D:4      | XOM: scenery: 1 doors open
  2739 | D:4      | Reached XP level 8. HP: 47/52 MP: 8/8
  3008 | D:4      | XOM: 8-stop teleportation journey
  3432 | D:5      | Entered Level 5 of the Dungeon
  3620 | D:5      | XOM: polymorph crimson imp -> quasit
  3621 | D:5      | XOM: noise
  3728 | D:5      | XOM: noise
  4025 | D:5      | XOM: silly message
  4061 | D:5      | Identified Xom's Handbook of the Four Demons (Xom gifted it to you on level 5 of the Dungeon)
  4061 | D:5      | XOM: god gift: Xom's Handbook of the Four Demons
  4148 | D:5      | XOM: give mutations
  4148 | D:5      | Gained mutation: Your mind is acute. (Int +2) [Xom's grace]
  4148 | D:5      | Gained mutation: You evolve. [Xom's grace]
  4327 | D:6      | Reached skill level 5 in Fighting
  4449 | D:6      | XOM: destruction
  4492 | D:6      | Found a staircase to the Ecumenical Temple.
  4502 | Temple   | Entered the Ecumenical Temple
  4752 | Temple   | XOM: give mutation
  4752 | Temple   | Gained mutation: You possess an exceptional clarity of mind. [Xom's grace]
  4877 | D:6      | XOM: give mutation
  4877 | D:6      | Gained mutation: Your mind is very acute. (Int +4) [Xom's grace]
  4920 | D:6      | XOM: god gift: 16 stones
  5008 | D:6      | XOM: 5-stop teleportation journey
  5120 | D:6      | XOM: god gift: war axe {god gift}
  5244 | D:6      | Reached XP level 9. HP: 56/60 MP: 9/9
  5589 | D:7      | XOM: summons friendly white imp
  5995 | D:7      | XOM: 4-stop teleportation journey
  6028 | D:7      | XOM: blink monster(s)
  6243 | D:7      | XOM: draining
  6424 | D:7      | Found a blossoming altar of Fedhas.
  6618 | D:8      | Got a crude trident
  6622 | D:8      | Identified the +1 trident of a treasure trove {pierce, Int+2 Dex+4} (You found it on level 8 of the Dungeon)
  6647 | D:8      | XOM: noise
  6677 | D:8      | Found a staircase to the Lair.
  6706 | D:8      | XOM: divination: detect creatures
  6713 | D:8      | Noticed an efreet
  6713 | D:8      | a hell hound changed into an efreet
  6721 | D:8      | XOM: potion effect (agility)
  6725 | D:8      | XOM: divination: detect creatures
  6728 | D:8      | HP: 1/64 [efreet (8)]
  6733 | D:8      | Killed an efreet
  6734 | D:8      | XOM: scenery: create altars
  6985 | D:8      | XOM: divination: magic mapping
  7044 | D:8      | XOM: silly message
  7056 | D:8      | Noticed Prince Ribbit
  7063 | D:8      | Killed Prince Ribbit
  7109 | D:8      | XOM: silly message
  7125 | D:8      | XOM: potion effect (agility)
  7130 | D:8      | XOM: potion effect (haste)
  7144 | D:8      | Reached XP level 10. HP: 61/72 MP: 10/10
  7179 | D:8      | XOM: divination: detect items
  7461 | D:9      | Reached skill level 1 in Shields
  7731 | D:9      | Found a shattered altar of Ashenzari.
  7853 | D:9      | XOM: mild Necr miscast
  8297 | D:9      | XOM: harmless Chrm miscast
  8309 | D:10     | XOM: noise
  8309 | D:10     | Entered Level 10 of the Dungeon
  8416 | D:10     | XOM: potion effect (agility)
  8600 | D:10     | Noticed a gargoyle
  8610 | D:10     | XOM: mild Tloc miscast
  8622 | D:10     | Lost mutation: You expend magic power (3 MP) to strengthen your wands. [evolution]
  8759 | D:11     | HP: 1/74 [gargoyle/stone arrow (11)]
  8760 | D:11     | XOM: confuse monster(s)
  8765 | D:11     | Killed a gargoyle
  8765 | D:11     | Reached skill level 10 in Fighting
  8765 | D:11     | Reached skill level 10 in Armour
  8949 | D:11     | XOM: harmless Tmut miscast
  9189 | D:10     | XOM: smoke on damage
  9210 | D:10     | XOM: harmless Hex miscast
  9512 | D:11     | Found Usot's Food Boutique.
  9613 | D:11     | XOM: cast spell 'Summon Hydra'
  9661 | D:11     | Found a staircase to the Orcish Mines.
  9864 | D:11     | Got a faintly humming helmet
  9875 | D:11     | Identified the cursed +0 helmet of the Gate {MR- Int+2 Dex+2} (You found it on level 11 of the Dungeon)
  9904 | D:11     | Noticed a manticore
  9912 | D:11     | XOM: confuse monster(s)
  9920 | D:11     | Killed a manticore
  9937 | D:11     | Noticed a cyclops
  9956 | D:11     | Found Cyzxef's Assorted Antiques.
  9978 | D:11     | Killed a cyclops
  9978 | D:11     | Reached XP level 11. HP: 69/80 MP: 11/11
  9994 | D:11     | Bought a scroll of enchant armour for 240 gold pieces
  9994 | D:11     | Bought a twisted filigree amulet for 160 gold pieces
  9994 | D:11     | Bought a morningstar for 128 gold pieces
 10002 | D:11     | Lost mutation: You evolve. [potion of mutation]
 10002 | D:11     | Gained mutation: You have a pair of small horns on your head. [potion of mutation]
 10084 | D:11     | XOM: divination: detect items
 10088 | D:11     | XOM: destruction
 10090 | D:11     | XOM: swap monsters
 10100 | D:11     | XOM: 1-stop teleportation journey
 10109 | D:11     | HP: 2/80 [acid dragon/splash of acid (5)]
 10109 | D:11     | Splashed by an acid dragon's acid

Skill      XL: |  1  2  3  4  5  6  7  8  9 10 |
---------------+-------------------------------+-----
Armour         | 3 5 7 9 10 | 10.7
Fighting       | 4 6 9 10 | 10.5
Maces & Flails | 4 5 6 8 9 |  9.5
Shields        | 4 |  4.5
Dodging        | |  0.7

Action                   |  1- 3 |  4- 6 |  7- 9 | 10-12 || total
-------------------------+-------+-------+-------+-------++-------
Melee: Mace              |    86 |   213 |   583 |   226 ||  1108
       Trident           |       |       |    19 |       ||    19
       Dire flail        |       |       |       |   129 ||   129
       Morningstar       |       |       |       |    20 ||    20
       Headbutt          |       |       |       |     1 ||     1
Throw: Stone             |       |       |    10 |    12 ||    22
 Abil: Fly               |       |       |     1 |       ||     1
Evoke: Wand              |       |       |     1 |     4 ||     5
  Use: Scroll            |     3 |     5 |    10 |     7 ||    25
       Potion            |       |     8 |     4 |     4 ||    16
 Stab: Petrified         |       |    15 |     2 |       ||    17
       Confused          |       |     1 |     1 |       ||     2
       Paralysed         |       |     3 |     2 |     4 ||     9
       Petrifying        |       |       |     1 |     1 ||     2
  Eat: Chunk             |       |     5 |    10 |     6 ||    21
       Ration            |       |       |     2 |     1 ||     3
Armor: Leather armour    |    52 |    48 |       |       ||   100
       Chain mail        |       |    67 |   388 |       ||   455
       Plate armour      |       |       |   166 |   301 ||   467
Dodge: Dodged            |    46 |   114 |   196 |   113 ||   469
